AoeStats
← 烏雲中

Hideout

507918894Analyzed
1v1 RM · 13d ago on Sep 20, 2026· 38m 1s· 2 players
Game mode
Random Map
Map size
Tiny (2 player)
Population
200
Speed
Normal
Resources
Standard
Victory
Conquest
Starting age
Dark Age
Ending age
Imperial Age
RankedLock teamsTeams togetherTeam positionsShared explorationLock speedFull tech treeHidden civsTurbo modeCheats
Victory
Defeat
🇩🇪 Goths · Germany
1095
+17
🇹🇼 Cumans · Taiwan
1122
-17
Bodybuilder94
9:55 Feudal Age
8:46 Loom
10:27 Double-Bit Axe
17:11 Castle Age
15:06 Horse Collar
15:14 Man-at-Arms
17:17 Scale Mail Armor
18:51 Wheelbarrow
17:44 Long Swordsman
19:03 Squires
20:54 Bow Saw
21:32 Chain Mail Armor
22:20 Heavy Plow
25:38 Forging
33:25 Imperial Age
31:12 Hand Cart
31:15 Gold Mining
34:28 Iron Casting
33:34 Two-Handed Swordsman
34:34 Guilds
34:55 Champion
烏雲中
6:26 Loom
10:00 Feudal Age
10:33 Double-Bit Axe
10:49 Horse Collar
12:57 Wheelbarrow
20:02 Bloodlines
20:38 Scale Barding Armor
20:45 Forging
25:45 Castle Age
27:50 Crossbowman
29:29 Hand Cart
29:42 Thumb Ring
33:57 Gold Mining
37:04 Chain Barding Armor
Connection lost

Rejoining the realm…

Still unreachable

The connection could not be restored.

Session expired

The server has moved on; the page needs a fresh start.